[Event "DVM U14w 2019"]
[Site "Neumuenster"]
[Date "2019.12.30"]
[Round "7"]
[White "Gietzelt, Magdalena"]
[Black "Siegel, Irene"]
[Result "0-1"]
[ECO "C50"]
[WhiteElo "841"]
[BlackElo "1004"]
[Annotator "NA"]
[PlyCount "58"]
[EventDate "2019.12.27"]
[EventType "team-tourn"]
[EventRounds "7"]
[EventCountry "GER"]
[SourceTitle "playchess.com"]
[Source "ChessBase"]
[SourceQuality "1"]
[WhiteTeam "Karlsruher SF"]
[BlackTeam "SG Porz"]
[TimeControl "40/5400+30:1800+30"]

1. e4 e5 2. Nf3 Nc6 3. Bc4 Bc5 4. O-O Nf6 5. d3 d6 6. Bg5 h6 7. Bh4 Bg4 8. Nc3 Nd4 9. Bb5+ c6 10. Nd5 cxb5 11. Nxf6+ gxf6 12. c3 Nxf3+ 13. gxf3 Bh3 14. Re1 Rg8+ 15. Bg3 h5 16. Kh1 h4 17. Bxh4 Bg2+ 18. Kg1 Bxf3+ 19. Kf1 Bxd1 20. Raxd1 Qd7 21. d4 exd4 22. cxd4 Bb4 23. Re3 Qg4 24. Rc1 Bd2 25. Rg3 Qxh4 26. Rxg8+ Ke7 27. Rxa8 Bxc1 28. Rc8 Qh3+ 29. Kg1 Qxc8 {normal} 0-1